 Dungeon Sprint DCSS version 0.30-a0-54-g2e61a25929 (webtiles) character file.

Game seed: 2731719218828484957

6367 Ankalagon the Peltast (level 10, -12/70 HPs)
             Began as a Gargoyle Fighter on Sept 8, 2022.
             Was an Initiate of Gozag.
             Shot with an arrow by a deep elf master archer (16 damage)
             ... in the Dungeon (Sprint II: "The Violet Keep of Menkaure").
             The game lasted 00:09:49 (2874 turns).

Ankalagon the Peltast (Gargoyle Fighter)            Turns: 2874, Time: 00:09:49

Health: -12/70     AC: 33    Str: 20    XL:     10   Next: 97%
Magic:  0/10       EV: 14    Int:  9    God:    Gozag
Gold:   1063       SH:  8    Dex: 16    Spells: 9/9 levels left

rFire   . . .      SeeInvis .    a - +1 flail
rCold   . . .      Faith    .    c - +0 buckler
rNeg    + . .      Spirit   +    d - +3 plate armour {Will+}
rPois   ∞          Reflect  .    i - +1 hat {Will+}
rElec   +          Harm     .    (no cloak)
rCorr   .          Rampage  +    f - +1 pair of gloves {Dex+3}
Will    ++...      Rage     9%   l - +1 pair of boots {rampage}
Stlth   .......... NoTele   +    s - amulet of guardian spirit
HPRegen 0.21/turn                b - +4 ring of evasion
MPRegen 0.12/turn                t - ring of flight

@: flying
A: sickness immunity, AC +7, negative energy resistance 1, electricity
resistance, torment resistance 1, petrification resistance, big wings,
iridescent scales 1, berserk 2
a: Renounce Religion, Potion Petition, Call Merchant, Bribe Branch


You were in the Dungeon.
You worshipped Gozag.
Gozag was most pleased with you.
You visited 1 branch You collected 4208 gold pieces.
You spent 1910 gold pieces at shops.
You paid 1235 gold pieces to Gozag.

Inventory:

Hand Weapons
 a - a +1 flail (weapon)
Armour
 c - a +0 buckler (worn)
 d - a +3 plate armour of willpower (worn)
 f - a +1 pair of gloves of dexterity (worn)
 i - a +1 hat of willpower (worn)
 l - a +1 pair of boots of rampaging (worn)
Jewellery
 b - a +4 ring of evasion (left hand)
 s - an amulet of guardian spirit (around neck)
 t - a ring of flight (right hand)
Scrolls
 m - a scroll of fear
 n - a scroll of identify
 o - 4 scrolls of poison
 q - 2 scrolls of amnesia
Potions
 e - a potion of curing
 g - 2 potions of haste
 h - 5 potions of magic
 j - 6 potions of flight
 k - 2 potions of cancellation
 r - 4 potions of resistance


   Skills:
 + Level 11.5 Fighting
 - Level 14.0 Maces & Flails
 + Level 11.6 Armour
 + Level 8.5 Dodging
 - Level 15.0 Shields


You had 9 spell levels left.
You didn't know any spells.
Your spell library contained the following spells:

 Spells                   Type           Power      Damage    Failure   Level
 Freeze                   Ice            0%         1d3       100%        1
 Static Discharge         Conj/Air       0%         3-3/arc   100%        2
 Frozen Ramparts          Ice            0%         1d1       100%        3
 Hailstorm                Conj/Ice       0%         3d3       100%        4
 Lightning Bolt           Conj/Air       0%         1d11      100%        5
 Maxwell's Capacitive Co  Air            0%         ∞         100%        8


Dungeon Overview and Level Annotations

Branches:
Dungeon (1/1)

Altars:
Cheibriados
Dithmenos
Elyvilon
Fedhas
Gozag
Hepliaklqana
Kikubaaqudgha
Makhleb
Nemelex Xobeh
Okawaru
Qazlal
Ru
Sif Muna
Trog
Uskayaw
Vehumet
Wu Jian
Xom
Yredelemnul
Zin
The Shining One
Jiyva
Lugonu

Shops:
D [:(*?!:!=[[**:=[[

Annotations:
D exclusions: ice statue and oklob plant


Innate Abilities, Weirdness & Mutations

You are immune to sickness and miasma.
Your stone body is resilient. (AC +7)
You are immune to poison.
You resist negative energy. (rN+)
You are resistant to electric shocks. (rElec)
You are resistant to unholy torment.
You are immune to petrification.
Your large and strong wings let you fly.
You are partially covered in iridescent scales. (AC +2)
You have an uncontrollable temper.


Message History

The arrow closely misses you.
The deep elf master archer shoots an arrow.
The arrow barely misses you.
You sock the deep elf master archer!
The deep elf master archer is moderately wounded.
The deep elf master archer shoots an arrow.
The arrow hits you!!
* * * LOW HITPOINT WARNING * * *
You sock the deep elf master archer!
The deep elf master archer is heavily wounded.
The deep elf master archer shoots an arrow.
The arrow hits you!
* * * LOW HITPOINT WARNING * * *
The deep elf master archer shoots an arrow.
You block the arrow.
You hit the deep elf master archer.
The deep elf master archer is severely wounded.
The deep elf master archer shoots an arrow.
You block the arrow.
You barely miss the deep elf master archer.
The deep elf master archer is severely wounded.
The deep elf master archer unwields a +0 longbow.
You block the deep elf master archer's attack.
You sock the deep elf master archer!
The deep elf master archer is severely wounded.
The deep elf master archer wields a +0 longbow.
The deep elf master archer shoots an arrow.
The arrow closely misses you.
Okay, then.
Unknown command.
You barely miss the deep elf master archer.
The deep elf master archer is severely wounded.
The deep elf master archer shoots an arrow.
The arrow closely misses you.
You barely miss the deep elf master archer.
The deep elf master archer is severely wounded.
The deep elf master archer shoots an arrow.
The arrow hits you!!
You die...
Your body crumbles into a pile of gold.

* , * , , $ * * $ $ $ , * * , ,$
▓▓▓ $ , $ ..▓ ,....○°°## $ $
▓▓+▓▓▓▓.▓ + .8○○○..##++##
+.○○▓0..▓ # ...°..##§...###
#..°▓▓▓▓▓ ~## ..°°. #e@.....#
#○○○▓≈≈§≈ ###~~#+++#'' ####....#
##°○▓▓▓▓▓ ##~~~......, $+^^.^#
.#}}▓)... .#~~~~.##+# .. ####.#
.#}}▓(..)
.#~~~~###.###.####.['.##.#°)▓....
.#~~~~#..#..# ...#..#...####▓..(.
.#~~####.#.####..#####..##.#▓....
.#~##.###'###.##..#..'..#..#▓[[..
.#~##..##.##...#..#..#..#..#▓....


You could see a deep elf master archer.

Vanquished Creatures
  A crystal guardian (D)
  An ice dragon (D)
  2 death drakes (D)
  3 manticores (D)
  A merfolk siren (D)
  A yaktaur (D)
  3 polar bears (D)
  A hornet (D)
  4 neqoxecs (D)
  Menkaure (D)
  5 water moccasins (D)
  2 swamp drakes (D)
  4 necrophages (D)
  4 scorpions (D)
33 creatures vanquished.

Vanquished Creatures (others)
  16 tentacles (D)
16 creatures vanquished.

Grand Total: 49 creatures vanquished

Notes
Turn   | Place    | Note
-------+----------+-------------------------------------------
     0 | D        | Ankalagon the Gargoyle Fighter began the quest for the Orb.
     0 | D        | Reached XP level 1. HP: 14/14 MP: 1/1
     1 | D        | Noticed a necrophage
     1 | D        | Noticed a necrophage
     1 | D        | Noticed a necrophage
     1 | D        | Noticed a necrophage
     5 | D        | Killed a necrophage
     6 | D        | Reached skill level 5 in Maces & Flails
     6 | D        | Reached skill level 6 in Shields
     6 | D        | Reached XP level 2. HP: 19/19 MP: 2/2
     6 | D        | Reached XP level 3. HP: 23/23 MP: 3/3
     6 | D        | Reached XP level 4. HP: 28/28 MP: 4/4
    10 | D        | Killed a necrophage
    11 | D        | Reached skill level 8 in Shields
    11 | D        | Reached XP level 5. HP: 32/32 MP: 5/5
    15 | D        | Reached skill level 9 in Shields
    21 | D        | Reached XP level 6. HP: 21/37 MP: 6/6
    40 | D        | Noticed an orange crystal statue
    49 | D        | Found an opulent altar of Gozag.
    49 | D        | Found an iron altar of Okawaru.
    50 | D        | Found a blossoming altar of Fedhas.
    50 | D        | Found a sparkling altar of Nemelex Xobeh.
    51 | D        | Found a white marble altar of Elyvilon.
    51 | D        | Found a burning altar of Makhleb.
    51 | D        | Found a radiant altar of Vehumet.
    52 | D        | Found a shadowy altar of Dithmenos.
    52 | D        | Found a corrupted altar of Lugonu.
    52 | D        | Found a hide-covered altar of Uskayaw.
    53 | D        | Found a snail-covered altar of Cheibriados.
    53 | D        | Found an ancient bone altar of Kikubaaqudgha.
    53 | D        | Found a bloodstained altar of Trog.
    54 | D        | Found a viscous altar of Jiyva.
    54 | D        | Found a shimmering blue altar of Sif Muna.
    54 | D        | Found a basalt altar of Yredelemnul.
    55 | D        | Found a hazy altar of Hepliaklqana.
    55 | D        | Found a sacrificial altar of Ru.
    56 | D        | Found a shimmering altar of Xom.
    57 | D        | Found a stormy altar of Qazlal.
    57 | D        | Found an ornate altar of the Wu Jian Council.
    57 | D        | Found a glowing golden altar of the Shining One.
    58 | D        | Found a glowing silver altar of Zin.
    60 | D        | Noticed a water moccasin
    60 | D        | Noticed a water moccasin
    60 | D        | Noticed a water moccasin
    65 | D        | Became a worshipper of Gozag Ym Sagoz the Greedy
    77 | D        | Killed a water moccasin
    78 | D        | Reached skill level 10 in Shields
    85 | D        | Noticed Menkaure
    92 | D        | Killed Menkaure
    93 | D        | Reached skill level 11 in Shields
   155 | D        | Noticed a merfolk siren
   173 | D        | Killed a merfolk siren
   174 | D        | Reached skill level 12 in Shields
   174 | D        | Reached XP level 7. HP: 33/41 MP: 7/7
   189 | D        | Reached skill level 13 in Shields
   208 | D        | Reached XP level 8. HP: 25/46 MP: 8/8
   217 | D        | Noticed an ice statue
   384 | D        | Gained mutation: Your magical capacity is low. (-10% MP) [a
                  | neqoxec]
   394 | D        | Gained mutation: You do not regenerate when monsters are
                  | visible. [a neqoxec]
   402 | D        | Gained mutation: You passively map a small area around you.
                  | [a neqoxec]
   403 | D        | Reached skill level 14 in Shields
   423 | D        | Found Waqef's General Store.
   423 | D        | Found Ajalarch's Book Boutique.
   423 | D        | Found Menoal Ixiu's Assorted Antiques.
   424 | D        | Found Fitofahui's Jewellery Shop.
   424 | D        | Found Lufuleagith's Antique Armour Shop.
   424 | D        | Found Raibog's Antique Armour Boutique.
   424 | D        | Found Estynor's Jewellery Shop.
   424 | D        | Found Geriysast's Distillery.
   425 | D        | Found Deisiharr's Book Boutique.
   425 | D        | Found Wuupn's Distillery.
   425 | D        | Found Vicwo's Magic Scroll Shop.
   436 | D        | Reached skill level 15 in Shields
   439 | D        | Found Vezo Qozy's General Store.
   439 | D        | Found Irha's Antique Weapon Shop.
   439 | D        | Noticed an oklob plant
   440 | D        | Found Fufukhle's Book Shoppe.
   440 | D        | Found Doxzael's Antique Armour Boutique.
   443 | D        | Noticed a polar bear
   443 | D        | Noticed a polar bear
   445 | D        | Noticed a cane toad
   446 | D        | Noticed a cane toad
   665 | D        | Bought a shiny plate armour for 598 gold pieces
   696 | D        | Bought a potion of heal wounds for 65 gold pieces
   696 | D        | Bought a +1 hat of willpower for 208 gold pieces
   704 | D        | Bought a +4 ring of evasion for 468 gold pieces
   707 | D        | Bought an amethyst potion for 18 gold pieces
   707 | D        | Bought a golden potion for 18 gold pieces
   707 | D        | Bought a scroll labelled VACSEAD EZXY for 20 gold pieces
   708 | D        | Bought a potion of degeneration for 13 gold pieces
   746 | D        | Noticed a hornet
   746 | D        | Noticed a polar bear
   746 | D        | Noticed a polar bear
   748 | D        | Noticed a polar bear
  1068 | D        | Killed a polar bear
  1069 | D        | Reached skill level 1 in Dodging
  1069 | D        | Reached XP level 9. HP: 5/52 MP: 8/8
  1364 | D        | Noticed a yaktaur
  1384 | D        | Killed a hornet
  1398 | D        | Killed a yaktaur
  1399 | D        | Reached skill level 5 in Fighting
  1399 | D        | Reached skill level 5 in Armour
  1512 | D        | Killed a polar bear
  1605 | D        | Killed a polar bear
  1626 | D        | Noticed a kraken
  2089 | D        | Bought a pair of embroidered gloves for 225 gold pieces
  2098 | D        | Noticed a death drake
  2098 | D        | Noticed a death drake
  2111 | D        | Reached skill level 5 in Dodging
  2125 | D        | Killed a death drake
  2126 | D        | Reached XP level 10. HP: 59/65 MP: 6/9
  2164 | D        | Noticed a crystal guardian
  2188 | D        | Killed a crystal guardian
  2219 | D        | Killed a death drake
  2220 | D        | Reached skill level 10 in Fighting
  2220 | D        | Reached skill level 10 in Armour
  2481 | D        | Bought a pair of embroidered boots for 277 gold pieces
  2492 | D        | Noticed a manticore
  2493 | D        | Noticed a manticore
  2493 | D        | Noticed a manticore
  2499 | D        | Killed a manticore
  2508 | D        | Killed a manticore
  2518 | D        | Killed a manticore
  2569 | D        | Lost mutation: Your magical capacity is low. (-10% MP)
                  | [potion of mutation]
  2569 | D        | Lost mutation: You do not regenerate when monsters are
                  | visible. [potion of mutation]
  2569 | D        | Lost mutation: You passively map a small area around you.
                  | [potion of mutation]
  2569 | D        | Gained mutation: Your large and strong wings let you fly.
                  | [potion of mutation]
  2569 | D        | Gained mutation: You sometimes lose your temper in combat.
                  | [potion of mutation]
  2569 | D        | Gained mutation: You have an uncontrollable temper. [potion
                  | of mutation]
  2569 | D        | Gained mutation: You are partially covered in iridescent
                  | scales. (AC +2) [potion of mutation]
  2752 | D        | Noticed an ice dragon
  2765 | D        | Killed an ice dragon
  2858 | D        | Noticed a deep elf master archer
  2869 | D        | HP: 3/70 [deep elf master archer/arrow (7)]
  2874 | D        | Shot with an arrow by a deep elf master archer

Illustrated notes

Levels and vault maps discovered:
D:        the_violet_keep_of_menkaure [sprint2_stairs_cluster_1,
          sprint2_shoproom, sprint2_temple, sprint2_basic_supplies,
          sprint2_obstacle_4, sprint2_obstacle_5, sprint2_obstacle_2,
          sprint2_obstacle_3, sprint2_obstacle_6, sprint2_timed_cluster_1,
          sprint2_smallroom_cluster_1, sprint2_smallroom_final_cluster_1,
          sprint2_transparent_cluster_1, sprint2_second_timed_cluster_1,
          sprint2_sniper_area_1, sprint2_heavy_combat_area_1,
          sprint2_mutation_trap_area_1, sprint2_forest_area_1,
          sprint2_light_combat_area_1, sprint2_behind_water_1,
          sprint2_near_end_vault_1]

Skill      XL: |  1  2  3  4  5  6  7  8  9 10 |
---------------+-------------------------------+-----
Maces & Flails | 5 7 8 11 12 14 | 14.0
Shields        | 6 8 9 12 13 15 | 15.0
Dodging        | 1 5 8 |  8.5
Fighting       | 8 11 | 11.5
Armour         | 8 11 | 11.6

Action                   |  1- 3 |  4- 6 |  7- 9 | 10-12 || total
-------------------------+-------+-------+-------+-------++-------
Melee: Flail             |     2 |    45 |   174 |   100 ||   321
Invok: Call Merchant     |       |       |     1 |     1 ||     2
  Use: Potion            |     1 |     1 |     2 |     3 ||     7
       Scroll            |       |       |    14 |       ||    14
 Stab: Distracted        |       |       |       |     1 ||     1
Armor: Scale mail        |     1 |    14 |    10 |       ||    25
       Plate armour      |       |       |   118 |    52 ||   170
Dodge: Dodged            |       |     5 |    60 |    51 ||   116
Block: Buckler           |     1 |    10 |    62 |    52 ||   125

Table legend: (Time is in decaauts)
 A = Elapsed time spent in this place.
 B = Non-inter-level travel time spent in this place.
 C = Inter-level travel time spent in this place.
 D = Time resting spent in this place.
 E = Time spent auto-exploring this place.
 F = Levels seen in this place.
 G = Mean time per level.
                   A        B        C        D        E       F      G
               +--------+--------+--------+--------+--------+-----+--------+
         Total |   2863 |   2863 |      0 |   1939 |      0 |   1 | 2863.0 |
       Dungeon |   2863 |   2863 |      0 |   1939 |      0 |   1 | 2863.0 |
               +--------+--------+--------+--------+--------+-----+--------+

Top non-repeatable levels by time:
       D: 2863 daAuts
